 Dungeon Crawl Stone Soup version bcrawl-1.39.1 (console) character file.

Game seed: 5908091973344124701

129265 Lexodia the Insei (level 3, -1/29 HPs)
             Began as a Demonspawn Martial Artist on Aug 2, 2023.
             Was a Believer of Wu Jian.
             Slain by an orc wizard
             ... wielding a +2 dagger of protection
              (4 damage)
             ... on level 3 of the Dungeon.
             The game lasted 00:01:57 (1530 turns).

Lexodia the Insei (Demonspawn Martial Artist)       Turns: 1530, Time: 00:01:57

Health: -1/29      AC:  2    Str: 13    XL:     3   Next: 96%
Magic:  5/5        EV: 13    Int: 10    God:    Wu Jian [**....]
Gold:   186        SH:  0    Dex: 15    Spells: 4/5 levels left

rFire    . . .     GDR:     27%   - Fists (7.9)
rCold    . . .     SeeInvis .   (no shield)
rNeg     . . .     Gourm    .   a - +0 robe
rPois    .         Faith    .   (no helmet)
rElec    .         Spirit   .   (no cloak)
rCorr    .         Reflect  .   (no gloves)
MR       .....                  (no boots)
Stlth    ++........             (no amulet)
HPRegen  0.14/turn              (no ring)
MPRegen  0.09/turn              (no ring)

@: hasted, serpent's lash, very quick
A: talons 1
a: Wall Jump, Serpent's Lash, Renounce Religion


You were on level 3 of the Dungeon.
You worshipped Wu Jian.
Wu Jian was pleased with you.
You were not hungry.

You visited 1 branch of the dungeon, and saw 3 of its levels.

You collected 186 gold pieces.

Inventory:

Armour
 a - a +0 robe (worn)
Jewellery
 k - a cursed ring of teleportation {unknown}
Scrolls
 d - 3 scrolls of remove curse {unknown}
 i - 4 scrolls of identify
 n - a scroll of fog {unknown}
 o - a scroll of blinking {unknown}
 q - a scroll of immolation {unknown}
Potions
 b - 2 potions of agility
 c - a potion of flight {unknown}
 f - 2 potions of heal wounds {unknown}
 g - a potion of haste
 h - a potion of resistance {unknown}
 j - a potion of lignification {unknown}
 l - a potion of brilliance {unknown}
 m - a potion of mutation {unknown}
 r - a potion of ambrosia {unknown}
Comestibles
 e - 4 rations {!d}


   Skills:
 - Level 3.0 Fighting
 - Level 2.6 Dodging
 + Level 2.0 Stealth
 + Level 4.0 Unarmed Combat
 + Level 1.9 Spellcasting
 - Level 2.0 Hexes


You had 4 spell levels left.
You knew the following spells:

 Your Spells              Type           Power        Failure   Level  Hunger
a - Confusing Touch       Hex            #.......     14%         1    None
Your spell library was empty.

Dungeon Overview and Level Annotations

Branches:
Dungeon (3/12)

Altars:


Innate Abilities, Weirdness & Mutations

You have sharp toenails.


Message History

You hit the orc wizard but do no damage.
You claw the orc wizard.
The orc wizard is lightly wounded.
The orc wizard hits you with a +2 dagger of protection.
* * * LOW HITPOINT WARNING * * *
Okay, then.
Casting: Confusing Touch (safe; 14% risk of failure)
Confirm with . or Enter, or press ? or * to list all spells.
Okay, then.
Your muscles tense, ready for explosive movement...
You spin and attack the orc wizard repeatedly, with incredible momentum.
You hit the orc wizard but do no damage.
Your kick misses the orc wizard.
The orc wizard is lightly wounded.
You hit the orc wizard but do no damage.
Your kick misses the orc wizard.
The orc wizard is lightly wounded.
It was a potion of haste.
You feel yourself speed up.
The orc wizard hits you with a +2 dagger of protection.
You die...

### #.. #.# #.#
#.# ####@###
#..oo☼.#
#.##h#.# #
#<#.# #≈≈≈≈..#
S..oo..≈...#
##..≈≈≈≈.....
#..#.....?.....
## #.###...##h.


You could see an orc wizard (pinned), an orc and a jackal.

Vanquished Creatures
  Jessica (D:2)
  3 worms (D:2)
  A dart slug (D:2)
  2 leopard geckos
  2 bats (D:2)
  5 goblins
  4 hobgoblins
  A quokka (D:1)
  3 kobolds (D:2)
  5 rats
27 creatures vanquished.

Notes
Turn   | Place    | Note
-------+----------+-------------------------------------------
     0 | D:1      | Lexodia the Demonspawn Martial Artist began the quest for
                  | the Orb.
     0 | D:1      | Reached XP level 1. HP: 18/18 MP: 2/2
   517 | D:1      | Gained mutation: You have sharp toenails. [demonic
                  | ancestry]
   517 | D:1      | Reached XP level 2. HP: 24/24 MP: 3/3
  1156 | D:2      | Reached ** piety under Wu Jian
  1160 | D:2      | Reached XP level 3. HP: 28/29 MP: 5/5
  1299 | D:2      | Noticed Jessica
  1304 | D:2      | Killed Jessica
  1305 | D:2      | Reached skill level 4 in Unarmed Combat
  1530 | D:3      | Slain by an orc wizard

Skill      XL: |  1  2  3 |
---------------+----------+-----
Stealth        | 2 |  2.0
Unarmed Combat | 4 |  4.0
Hexes          | 2 |  2.0
Fighting       | |  3.0
Dodging        | |  2.6
Spellcasting   | |  1.9

Action                   || total
-------------------------++-------
Melee: Unarmed           ||    90
       Kick              ||    17
 Abil: Lunge             ||     8
       Whirlwind         ||     2
       Serpent's Lash    ||     1
  Use: Potion            ||     1
 Stab: Sleeping          ||     3
  Eat: Chunk             ||     4
Armor: Robe              ||     9
Dodge: Dodged            ||    32
